 Dungeon Crawl Stone Soup version 0.32-a0-656-g3542139ebd (webtiles) character file.

Game seed: 1256536138974087110

392 Dittersdorf the Covered (level 6, -1/40 HPs)
             Began as a Gargoyle Fighter on Mar 8, 2024.
             Slain by a bullfrog (5 damage)
             ... in a sewer.
             The game lasted 00:04:05 (2525 turns).

Dittersdorf the Covered (Gargoyle Fighter)          Turns: 2525, Time: 00:04:06

Health: -1/40      AC: 12    Str: 21    XL:     6   Next: 80%
Magic:  6/6        EV:  9    Int:  9    God:
Gold:   76         SH:  4    Dex:  9    Spells: 5/5 levels left

rFire   . . .        a - +0 flail
rCold   . . .        c - +0 buckler
rNeg    + . .        b - +0 scale mail
rPois   ∞            p - +0 helmet
rElec   +            (no cloak)
rCorr   .            (no gloves)
SInv    .            (no boots)
Will    .....        (no amulet) Stlth
                     (no ring)
HPRegen 0.26/turn    (no ring)
MPRegen 0.10/turn

%: no passive effects
@: no status effects
A: sickness immunity, AC +4, negative energy resistance 1, electricity
resistance, torment resistance 1, petrification resistance
a: no special abilities


You were in a sewer.
You visited 1 branch of the dungeon, and saw 3 of its levels.
You also visited: Sewer.

You collected 76 gold pieces.

Inventory:

Hand Weapons
 a - a +0 flail (weapon)
Missiles
 e - 6 poisoned darts (quivered)
Armour
 b - a +0 scale mail (worn)
 c - a +0 buckler (worn)
 p - a +0 helmet (worn)
Jewellery
 k - a ring of willpower
Scrolls
 j - a scroll of fear
Potions
 d - a potion of might
 f - a potion of haste {unknown}
 g - 3 potions of magic {unknown}
 h - a potion of cancellation {unknown}
 l - a potion of brilliance {unknown}
 n - 2 potions of heal wounds {unknown}
 o - 2 potions of enlightenment


   Skills:
 + Level 5.0 Fighting
 + Level 3.8 Maces & Flails
 + Level 5.0 Armour
 + Level 4.9 Shields


You had 5 spell levels left.
You didn't know any spells.
Your spell library was empty.

Dungeon Overview and Level Annotations

Branches:
Dungeon (3/15)              Sewer (1/1)

Altars:
Uskayaw
The Shining One


Innate Abilities, Weirdness & Mutations

You are immune to sickness and miasma.
Your stone body is resilient. (AC +4)
You are immune to poison.
You resist negative energy. (rN+)
You are resistant to electric shocks. (rElec)
You are resistant to unholy torment.
You are immune to petrification.


Message History

You are too injured to fight recklessly!
You are too injured to fight recklessly!
You are too injured to fight recklessly!
You thump the bullfrog!
The bullfrog is heavily wounded.
The bullfrog hits you.
You closely miss the bullfrog.
The bullfrog is heavily wounded.
The bullfrog hits you.
The dart slug splashes around in the water.
The bullfrog hits you.
* * * LOW HITPOINT WARNING * * *
You sock the bullfrog!
The bullfrog is severely wounded.
The bullfrog hits you but does no damage.
The dart slug closely misses you. The bullfrog hits you.
* * * LOW HITPOINT WARNING * * *
You closely miss the bullfrog.
The bullfrog is severely wounded.
The bullfrog closely misses you.
The dart slug bites you but does no damage.
The bullfrog hits you but does no damage.
You closely miss the bullfrog.
The bullfrog is severely wounded.
The bullfrog hits you but does no damage.
The dart slug launches a dart at you.
The slug dart hits you but does no damage.
The bullfrog hits you but does no damage.
You miss the bullfrog.
The bullfrog is severely wounded.
The bullfrog hits you.
* * * LOW HITPOINT WARNING * * *
The dart slug bites you but does no damage.
The bullfrog hits you but does no damage.
You barely miss the bullfrog.
The bullfrog is severely wounded.
The bullfrog hits you but does no damage.
The dart slug bites you but does no damage.
The bullfrog hits you.
You die...

#~~~≈~≈≈≈≈≈~~~~~~~~≈≈~.#
#~.~~.~≈≈≈≈≈~~~~..~~≈~.#
#.########≈≈~≈~~~~.~≈~.#
#~# ##≈≈~≈≈≈≈≈≈.~≈~.#
#~# #≈≈≈≈~≈≈≈≈≈~~≈~.#
#.# #≈~≈≈≈~≈≈≈≈†≈≈~.#
#.# #≈≈~~~≈≈~≈≈≈~≈≈~.#
#~# #≈~∩.~~≈w~≈≈~≈≈÷.#
#~# #≈≈~....F@≈~≈~≈÷.#
#.# #≈≈≈≈~...†~≈~≈~≈~.#
#.# #≈≈≈≈≈.~~~.≈≈~≈≈~.#
### #.#
#≈≈≈≈≈?)~~≈≈≈≈~≈~.# #.#
#.# ≈≈≈≈.?$)~≈≈≈~~≈~.#
#∩# #.#
≈≈≈~./~≈≈≈≈~~≈~.# #.#
#.# ≈≈≈~~.≈≈≈≈≈.~≈~.#
#∩# #.#
≈≈≈≈~≈≈≈≈≈≈.~≈~.# #.#
#.# ≈≈≈≈≈≈≈≈~≈.~≈~.# #.#


You could see a bullfrog and a dart slug.

Vanquished Creatures
  A black bear (D:3)
  A bullfrog (Sewer)
  A scorpion (D:3)
  6 gnolls
  2 adders
  A ribbon worm (D:2)
  10 dart slugs
  2 orcs (D:3)
  8 ball pythons
  6 bats
  2 endoplasms (D:1)
  11 giant cockroaches
  3 goblins
  9 hobgoblins
  6 kobolds
  4 quokkas
  16 frilled lizards
  7 rats
96 creatures vanquished.

Notes
Turn   | Place    | Note
-------+----------+-------------------------------------------
     0 | D:1      | Dittersdorf the Gargoyle Fighter began the quest for the
                  | Orb.
     0 | D:1      | Reached XP level 1. HP: 14/14 MP: 1/1
   153 | D:1      | Reached XP level 2. HP: 11/19 MP: 2/2
   339 | D:1      | Reached XP level 3. HP: 13/23 MP: 3/3
   576 | D:1      | You fall into a shaft and drop 1 floor!
  1139 | D:2      | Reached XP level 4. HP: 29/29 MP: 4/4
  1862 | D:3      | Noticed a scorpion
  1867 | D:3      | Killed a scorpion
  1868 | D:3      | Reached XP level 5. HP: 27/34 MP: 5/5
  1869 | D:3      | Found a glowing golden altar of the Shining One.
  1905 | D:3      | Noticed a black bear
  1920 | D:3      | Killed a black bear
  1921 | D:3      | Reached XP level 6. HP: 18/39 MP: 6/6
  1930 | D:3      | Found a hide-covered altar of Uskayaw.
  1933 | D:3      | Noticed a +0 hand axe
  1933 | D:3      | Noticed a +0 hand axe
  2070 | D:3      | Found a glowing drain.
  2123 | Sewer    | Entered a sewer
  2517 | Sewer    | Reached skill level 5 in Fighting
  2517 | Sewer    | Reached skill level 5 in Armour
  2525 | Sewer    | Slain by a bullfrog

Illustrated notes

Levels and vault maps discovered:
D:1:      evilmike_arrival_fibonacci_small, layout_basic, corner_web_ring
D:2:      layout_basic, minivault_4
D:3:      layout_basic, dancing_weapons_uskayaw,
          mainiacjoe_overflow_tiny_flanked, gup_sewer_entry_bubbles,
          nicolae_ecumenical_snake_handling, serial_shops,
          nicolae_shop_advertising_works [nicolae_subvault_shop_adworks],
          dreamdust_princess_corridor, grunt_decor_clamped
Sewer:    sewer_frog_island_01

Skill      XL: |  1  2  3  4  5  6 |
---------------+-------------------+-----
Fighting       | 4 5 |  5.0
Armour         | 4 5 |  5.0
Shields        | 4 |  4.9
Maces & Flails | 3 |  3.8

Action                     |  1- 3 |  4- 6 || total
---------------------------+-------+-------++-------
  Melee: Flail             |   139 |   260 ||   399
    Use: Scroll            |       |     6 ||     6
 Armour: Scale mail        |   111 |   268 ||   379
  Dodge: Dodged            |    86 |   134 ||   220
  Block: Buckler           |    49 |    61 ||   110

Table legend: (Time is in decaauts)
 A = Elapsed time spent in this place.
 B = Non-inter-level travel time spent in this place.
 C = Inter-level travel time spent in this place.
 D = Time resting spent in this place.
 E = Time spent auto-exploring this place.
 F = Levels seen in this place.
 G = Mean time per level.
                   A        B        C        D        E       F      G
               +--------+--------+--------+--------+--------+-----+--------+
         Total |   2699 |   2594 |    105 |    133 |   1298 |   4 |  674.8 |
       Dungeon |   2218 |   2113 |    105 |     81 |   1298 |   3 |  739.3 |
         Sewer |    481 |    481 |      0 |     52 |      0 |   1 |  481.0 |
               +--------+--------+--------+--------+--------+-----+--------+

Top non-repeatable levels by time:
     D:2: 1122 daAuts
     D:1: 772 daAuts
   Sewer: 481 daAuts
     D:3: 323 daAuts
